 Dungeon Crawl Stone Soup version 0.27.1-33-g824d729ab1 (webtiles) character file.

Game seed: 3464390188722198386

12 zeram the Sneak (level 2, 0/15 HPs)
             Began as a Tengu Enchanter on Dec 12, 2021.
             Slain by a kobold (5 damage)
             ... on level 1 of the Dungeon.
             The game lasted 00:00:39 (286 turns).

zeram the Sneak (Tengu Enchanter)                    Turns: 286, Time: 00:00:40

Health: 0/15       AC:  2    Str:  8    XL:     2   Next: 33%
Magic:  6/6        EV: 12    Int: 15    God:
Gold:   8          SH:  0    Dex: 14    Spells: 4/5 levels left

rFire    . . .     SeeInvis .   a - +1 dagger
rCold    . . .     Faith    .   (no shield)
rNeg     . . .     Spirit   .   b - +0 robe
rPois    .         Reflect  .   (helmet restricted)
rElec    .         Harm     .   (no cloak)
rCorr    .         Rampage  .   (no gloves)
Will     .....                  (boots unavailable)
Stlth    ++........             (no amulet)
HPRegen  0.05/turn              (no ring)
MPRegen  0.10/turn              (no ring)

@: no status effects
A: beak, talons 3
a: no special abilities


You were on level 1 of the Dungeon.
You visited 1 branch of the dungeon, and saw 1 of its levels.

You collected 8 gold pieces.

Inventory:

Hand Weapons
 a - a +1 dagger (weapon)
Armour
 b - a +0 robe (worn)
Scrolls
 c - a scroll of identify {unknown}
 g - a scroll of fear {unknown}
Potions
 d - a potion of curing {unknown}
 e - a potion of attraction {unknown}
 f - a potion of brilliance {unknown}


   Skills:
 - Level 1.1 Short Blades
 - Level 2.6 Dodging
 + Level 3.2 Stealth
 - Level 2.0 Spellcasting
 - Level 2.3 Hexes


You had 4 spell levels left.
You knew the following spells:

 Your Spells              Type           Power      Damage    Failure   Level
a - Corona                Hex            8%         N/A       9%          1

Your spell library contained the following spells:

 Spells                   Type           Power      Damage    Failure   Level
 Ensorcelled Hibernation  Hex/Ice        10%        N/A       21%         2
 Confusing Touch          Hex            8%         N/A       26%         3
 Tukima's Dance           Hex            8%         N/A       26%         3
 Dazzling Flash           Conj/Hex       10%        N/A       38%         3
 Silence                  Hex/Air        2%         N/A       98%         5
 Agony                    Necr           1%         N/A       99%         5


Dungeon Overview and Level Annotations

Branches:
Dungeon (1/15)

Altars:


Innate Abilities, Weirdness & Mutations

You have a beak for a mouth.
You have claws for feet.


Message History

A hobgoblin is nearby!
A hobgoblin is nearby!
The helpless hobgoblin fails to defend itself.
You puncture the hobgoblin!
You kill the hobgoblin!
No target in view!
No target in view!
You open the door.
A goblin comes into view. It is wielding a +0 club.
A goblin is nearby!
A goblin is nearby!
A goblin is nearby!
A kobold comes into view. It is wielding a +0 whip.
There is an open door here.
The helpless goblin fails to defend itself.
You puncture the goblin!
You kill the goblin!
The kobold barely misses you. The kobold hits you with a +0 whip.
The kobold hits you with a +0 whip. The kobold closely misses you.
The kobold barely misses you. The kobold misses you.
The kobold closely misses you. The kobold closely misses you.
The kobold closely misses you. The kobold closely misses you.
The kobold closely misses you. The kobold closely misses you.
The kobold barely misses you. The kobold misses you.
The kobold hits you but does no damage. The kobold hits you with a +0 whip.
The kobold hits you but does no damage. The kobold closely misses you.
The kobold barely misses you. The kobold hits you with a +0 whip.
The kobold hits you with a +0 whip. The kobold hits you with a +0 whip.
You die...

##.#....#
#......
#.######
#......
#.#..
#......
#.#.#
#....).
####'#.#
###..#.
#.....#
##.#.
#.....+
#.#.
#.....#
#...@.#
#...K)#
#.....#
#.....#
#######


You could see a kobold.

Vanquished Creatures
  A dart slug (D:1)
  2 endoplasms (D:1)
  A goblin (D:1)
  A hobgoblin (D:1)
  2 bats (D:1)
  3 rats (D:1)
10 creatures vanquished.

Notes
Turn   | Place    | Note
-------+----------+-------------------------------------------
     0 | D:1      | zeram the Tengu Enchanter began the quest for the Orb.
     0 | D:1      | Reached XP level 1. HP: 10/10 MP: 4/4
    79 | D:1      | Reached XP level 2. HP: 15/15 MP: 6/6
   154 | D:1      | Found a faded altar of an unknown god.
   286 | D:1      | Slain by a kobold

Illustrated notes

Levels and vault maps discovered:
D:1:      dpeg_chamrin_arrival_tetris, layout_basic,
          ebering_ecumenical_altar_sacrificial, minmay_pentomino_p4

Action                   || total
-------------------------++-------
Melee: Dagger            ||    21
       Peck              ||     2
       Kick              ||     1
  Use: Scroll            ||     1
 Stab: Sleeping          ||     7
Armor: Robe              ||     2
Dodge: Dodged            ||    25
